Map: Estase LE

Players

Vicster - Winner!

  • Race: Terran Terran
  • League: Gold
  • Spawn Location: 1:00

VOD

Have the link to the VOD?

Description

Time

  • Played on: Jan. 6, 2019, 2:26 p.m.
  • Length: 24:43
Show
View Real Time Build Order
Export as new Build Order

Vicster Terran - Winner!

Build Orders:  

Get SALT Encoding   

  12  0:02  SCV  
  13  0:19  SCV  
  14  0:27  Supply Depot  
  14  0:36  SCV  
  15  0:57  SCV  
  16  1:03  Barracks  
  16  1:14  SCV  
  16  1:16  Refinery  
  17  1:31  SCV  
  18  1:51  SCV  
  19  2:08  Orbital Command  
  19  2:20  Marine  
  19  2:29  Command Center  
  20  2:49  Factory  
  20  2:58  SCV  
  21  3:06  Barracks Tech Lab  
  21  3:10  Refinery  
  21  3:15  SCV  
  22  3:32  SCV  
  23  3:58  SCV  
  23  4:01  Supply Depot  
  23  4:12  Orbital Command  
  23  4:16  Siege Tank  
  23  4:17  Bunker  
  26  4:20  SCV  
  27  4:37  SCV  
  28  4:54  SCV  
  28  4:56  Engineering Bay  
  29  5:00  SCV  
  30  5:11  SCV  
  30  5:17  SCV  
  30  5:18  Supply Depot  
  32  5:30  Supply Depot  
  32  5:34  SCV x2  
  32  5:39  Siege Tank  
  37  5:47  Missile Turret  
  37  5:51  SCV x2  
  37  5:55  Missile Turret  
  39  6:07  Command Center  
  39  6:08  SCV x2  
  41  6:21  Supply Depot  
  41  6:24  Siege Tank  
  41  6:25  SCV x2  
  46  6:31  Armory  
  46  6:35  Armory  
  46  6:42  SCV x2  
  48  6:51  Refinery  
  48  6:55  Refinery  
  48  6:59  SCV  
  49  7:00  SCV  
  49  7:09  Siege Tank  
  53  7:16  SCV  
  53  7:17  SCV  
  55  7:40  SCV  
  55  7:42  SCV  
  55  7:45  Factory  
  55  7:46  Factory  
  55  7:47  Orbital Command  
  57  7:51  Terran Vehicle Weapons Level 1  
  57  8:01  SCV  
  57  8:02  SCV  
  57  8:06  Terran Vehicle And Ship Armor Level 1  
  59  8:17  SCV  
  59  8:19  SCV  
  61  8:23  SCV  
  62  8:34  SCV  
  62  8:36  SCV  
  64  8:49  Factory Reactor  
  64  8:51  Factory Reactor, SCV  
  64  8:58  Factory  
  65  9:00  Factory  
  65  9:08  SCV  
  66  9:15  Command Center  
  66  9:27  Orbital Command  
  66  9:32  Thor  
  66  9:34  SCV x2  
  74  9:51  SCV x2  
  74  9:58  Command Center  
  76  10:03  Factory  
  76  10:04  Factory Tech Lab x2  
  76  10:08  SCV x2  
  78  10:19  SCV  
  79  10:20  Factory  
  79  10:25  SCV x2  
  81  10:35  SCV  
  82  10:42  SCV x2  
  84  10:52  SCV  
  84  10:55  Thor, Hellion x4  
  84  10:58  SCV  
  100  11:03  Refinery  
  100  11:05  Refinery  
  100  11:06  Orbital Command  
  100  11:13  Command Center  
  100  11:26  Supply Depot x2  
  100  11:36  Factory Tech Lab, Supply Depot  
  100  11:37  Supply Depot  
  100  11:49  Orbital Command  
  100  12:05  Factory Tech Lab  
  100  12:12  Factory  
  100  12:18  Siege Tank x2  
  100  12:19  Siege Tank x2  
  100  12:23  Factory  
  100  12:26  Factory  
  100  12:27  Orbital Command  
  100  12:28  SCV  
  101  12:30  Terran Vehicle Weapons Level 2, Terran Vehicle And Ship Armor Level 2  
  101  12:55  SCV x3  
  104  13:12  SCV x3  
  92  13:27  Orbital Command  
  92  13:29  SCV x2  
  92  13:34  Factory Tech Lab x2  
  92  13:41  Orbital Command  
  92  13:45  Command Center  
  92  13:56  Command Center  
  92  14:07  Factory Tech Lab  
  92  14:09  Supply Depot x2  
  92  14:11  Supply Depot x2  
  92  14:13  Thor x2  
  92  14:14  Thor x2  
  92  14:16  Hellion x2, Supply Depot  
  120  14:35  Refinery  
  120  14:36  SCV x4  
  120  14:37  Refinery, SCV  
  125  14:53  SCV  
  125  14:54  SCV  
  121  15:21  Refinery  
  121  15:26  Factory  
  121  15:28  Orbital Command  
  121  15:30  Orbital Command  
  121  15:33  Thor x2  
  121  15:34  Thor  
  121  15:38  Hellion  
  121  15:39  Hellion x5  
  95  15:40  Hellion x3  
  157  16:08  Hellion  
  159  16:15  Thor  
  159  16:17  Thor  
  171  16:28  Factory  
  171  16:41  SCV  
  171  16:42  Refinery  
  136  17:57  Thor  
  136  17:58  Thor x7  
  184  18:00  Hellbat, Hellion x3  
  184  18:06  Command Center  
  196  18:30  Hellion x2  
  196  18:41  Factory  
  196  18:42  Factory Tech Lab x2  
  196  18:44  Terran Vehicle Weapons Level 3  
  196  18:45  Terran Vehicle And Ship Armor Level 3  
  196  18:54  Orbital Command  
  196  18:57  Hellion  
  196  18:58  Hellion  
  200  19:02  Refinery  
  200  19:03  Refinery  
  200  20:07  Orbital Command  
  190  20:26  Thor  
  174  21:04  Factory  
  174  21:05  Factory  
  142  21:10  Factory  
  142  21:12  Factory  
  127  21:21  Command Center  
  127  21:35  Command Center  
  127  21:51  Thor  
  127  21:52  Thor x7  
  169  22:00  Command Center  
  169  22:08  Command Center  
  169  22:12  Command Center  
  169  22:16  Refinery, Command Center  
  169  22:19  Factory Tech Lab  
  169  22:28  Factory Tech Lab  
  169  22:29  Factory Tech Lab  
  169  22:31  Factory Tech Lab x2  
  169  22:41  Thor x2  
  181  22:51  Thor  
  181  22:52  Thor x2  
  199  23:53  Refinery  
  199  23:56  Orbital Command  
  199  23:57  Refinery  
  199  24:11  Refinery  
  199  24:16  Refinery  
Tags
 
League
Gold
Matchup
Co-op
Replay Pack
Vicster replay
Add a new tag
Caveats
  • Supply blocks, unpowered buildings, or Contaminate may cause inaccurate times.
  • Supply counts are checked every 10 seconds.